 Dungeon Crawl Stone Soup version 0.28.0-55-gcd9437bce4 (webtiles) character file.

Game seed: 2385366383607069553

12 nerdsy the Insei (level 2, 0/22 HPs)
             Began as a Djinni Transmuter on Dec 31, 2022.
             Frozen to death by an endoplasm (6 damage)
             ... on level 1 of the Dungeon.
             The game lasted 00:03:30 (932 turns).

nerdsy the Insei (Djinni Transmuter)                 Turns: 932, Time: 00:03:31

Health: 0/22       AC:  6    Str:  9    XL:     2   Next: 45%
Gold:   9          EV:  6    Int: 14    God:
                   SH:  7    Dex: 13

rFire   + + .      SeeInvis .   e - +0 hand axe
rCold   x . .      Faith    .   d - +0 kite shield
rNeg    . . .      Spirit   .   f - +0 scale mail
rPois   ∞          Reflect  .   (no helmet)
rElec   .          Harm     .   (no cloak)
rCorr   .          Rampage  .   (no gloves)
Will    .....                   (boots unavailable)
Stlth   ..........              (no amulet)
HPRegen 0.07/turn               (no ring)
MPRegen 0.00/turn               (no ring)

@: flying
A: sickness immunity, fire resistance 2, cold vulnerability 1, float, innate
caster, HP casting, extra vitality 1
a: no special abilities


You were on level 1 of the Dungeon.
You visited 1 branch of the dungeon, and saw 1 of its levels.

You collected 9 gold pieces.

Inventory:

Hand Weapons
 e - a +0 hand axe (weapon)
Missiles
 a - 2 stones
Armour
 d - a +0 kite shield (worn)
 f - a +0 scale mail (worn)
Scrolls
 b - a scroll of amnesia {unknown}
 c - a scroll of teleportation {unknown}
 g - a scroll of identify {unknown}


   Skills:
 + Level 1.0 Fighting
 + Level 2.2 Dodging
 + Level 3.5 Unarmed Combat
 + Level 1.7 Spellcasting


You couldn't memorise any spells.
You knew the following spells:

 Your Spells              Type           Power      Damage    Failure   Level
a - Beastly Appendage     Tmut           12%        N/A       98%         1
b - Wereblood             Tmut           6%         N/A       99%         2
c - Spider Form           Tmut/Pois      6%         N/A       100%        3
d - Ice Form              Ice/Tmut       6%         N/A       100%        4
Your spell library was empty.


Dungeon Overview and Level Annotations

Branches:
Dungeon (1/15)

Altars:


Innate Abilities, Weirdness & Mutations

You are immune to sickness and miasma.
You are immune to poison.
Your flesh is very heat resistant. (rF++)
You are vulnerable to cold. (rC-)
You float through the air rather than walking.
You learn spells naturally, not from books.
Your magical power is your life essence.
You have superior vitality. (+4 MHP)


Message History

You hit the giant cockroach.
The giant cockroach is heavily wounded.
The giant cockroach bites you but does no damage. x2
You closely miss the giant cockroach.
The giant cockroach is heavily wounded.
You block the giant cockroach's attack.
The giant cockroach bites you but does no damage.
You barely miss the giant cockroach.
The giant cockroach is heavily wounded.
The giant cockroach bites you but does no damage.
You hit the giant cockroach.
The giant cockroach is severely wounded.
The giant cockroach bites you but does no damage.
The giant cockroach bites you.
You barely miss the giant cockroach.
The giant cockroach is severely wounded.
The giant cockroach barely misses you.
The giant cockroach bites you but does no damage.
You hit the giant cockroach.
You kill the giant cockroach!
You see here a giant cockroach corpse.
You now have 9 gold pieces.
An endoplasm comes into view.
The endoplasm quivers.
The endoplasm jiggles.
The endoplasm jiggles.
You block the endoplasm's attack.
You hit the endoplasm but do no damage. The endoplasm freezes you.
You are frozen.
You feel a terrible chill! The endoplasm freezes you.
You are frozen.
You feel a terrible chill!
You hit the endoplasm but do no damage. The endoplasm freezes you.
You are frozen.
You feel a terrible chill!
* * * LOW HITPOINT WARNING * * *
You hit the endoplasm.
The endoplasm is severely wounded.
The endoplasm freezes you.
You are frozen.
You feel a terrible chill!
You die...

#.#...##.####...#####.....#>..
#.#...##..................#.##
#.#...########.##########.#.#
#.#...# #.# .#.# #...# #.# .#
#...########.###
#..............#
########.#.......
......J@.###.##..
...............
########.###.### ... ####


You could see an endoplasm.

Vanquished Creatures
  2 endoplasms (D:1)
  2 giant cockroaches (D:1)
  A goblin (D:1)
  A hobgoblin (D:1)
  A kobold (D:1)
  3 ball pythons (D:1)
10 creatures vanquished.

Notes
Turn   | Place    | Note
-------+----------+-------------------------------------------
     0 | D:1      | nerdsy the Djinni Transmuter began the quest for the Orb.
     0 | D:1      | Reached XP level 1. HP: 17/17 MP: 0/0
    66 | D:1      | Found a faded altar of an unknown god.
   364 | D:1      | Reached XP level 2. HP: 15/22 MP: 0/0
   932 | D:1      | Frozen to death by an endoplasm

Illustrated notes

Levels and vault maps discovered:
D:1:      scummos_arrival_hexagon, layout_basic,
          dreamdust_ecumenical_altar_hidden_monk_grotto

Action                   || total
-------------------------++-------
Melee: Hand axe          ||    48
 Cast: Beastly Appendage ||     1
Armor: Robe              ||     3
       Scale mail        ||    17
Dodge: Dodged            ||    17
Block: Kite shield       ||    19
